 Dungeon Crawl Stone Soup version 0.23.2-1-ga50397a6bc (webtiles) character file.

Game seed: 9464823601662939477

42 Gargoyl the Skirmisher (level 3, -7/33 HPs)
             Began as a Centaur Abyssal Knight on May 20, 2019.
             Was a Follower of Lugonu.
             Killed from afar by a starcursed mass (9 damage)
             ... with an accursed screaming
             ... on level 2 of the Abyss.
             The game lasted 00:01:51 (269 turns).

Gargoyl the Skirmisher (Centaur Abyssal Knight)      Turns: 269, Time: 00:01:52

Health: -7/33      AC:  6    Str: 14      XL:     3   Next: 33%
Magic:  4/4        EV:  7    Int: 11      God:    Lugonu [*.....]
Gold:   32         SH:  0    Dex:  8 (9)  Spells: 2/2 levels left

rFire    + . .     SeeInvis .   a - +1 hand axe
rCold    x . .     Gourm    .   (no shield)
rNeg     . . .     Faith    .   d - +0 scale mail
rPois    .         Spirit   .   (no helmet)
rElec    .         Reflect  .   (no cloak)
rCorr    .         Harm     .   (no gloves)
MR       .....                  (no barding)
Stlth    ..........             (no amulet)
HPRegen  0.11/turn              e - ring of fire
MPRegen  0.09/turn              (no ring)

@: very quick
A: large, hooves 3, deformed body, speed 2, tough skin 3
a: Depart the Abyss, Renounce Religion


You were on level 2 of the Abyss.
You worshipped Lugonu.
Lugonu was aware of your devotion.
You were not hungry.

You visited 0 branches of the dungeon, and saw 0 of its levels.
You visited the Abyss 1 time.

You collected 32 gold pieces.

Inventory:

Hand Weapons
 a - a +1 hand axe (weapon)
Armour
 d - a +0 scale mail (worn)
Jewellery
 e - a ring of fire (left hand)
Comestibles
 c - a ration


   Skills:
 + Level 3.9 Fighting
 + Level 2.1 Axes
 + Level 1.6 Armour
 + Level 0.6 Dodging
 + Level 2.2 Invocations


You had 2 spell levels left.
You didn't know any spells.
Your spell library was empty.

Dungeon Overview and Level Annotations

Branches:
Dungeon (0/15)

Altars:


Innate Abilities, Weirdness & Mutations

You have hooves in place of feet.
Armour fits poorly on your strangely shaped body.
You cover ground very quickly.
You have extremely tough skin. (AC +3)


Message History

Anything else - Cancel.
Gang up on whom?
Press: ? - help, Dir - move target cursor, f - starcursed mass
Aim: a starcursed mass (moderately damaged) Attack!
Your large abomination hits the starcursed mass.
The starcursed mass shudders and is absorbed by its neighbour.
A starcursed mass splits.
You slash the quasit! Your kick misses the quasit.
The quasit is heavily wounded.
The quasit barely misses you. The quasit claws you.
* * * LOW HITPOINT WARNING * * *
You feel clumsy.
The quasit claws you but does no damage.
A starcursed mass splits.
The quasit completely misses you. The quasit claws you.
* * * LOW HITPOINT WARNING * * *
The quasit claws you but does no damage.
A chorus of shrieks assaults your mind.
You die...

# #.... .. ....
. #.. . .. . #
# # ##
.##x.##..## ...
.... ......$..
# .# .## X.#
.#...
#....####.#.. #
#..##..##..#.#
#.
##..#.#..X#.# #
#.#.@5X∩X.# #
.#.#....#.X...#
#...#.#..#
.##.#
#....###..#
###. #..# .#.
.#.# # .## #)
###


You could see 3 starcursed masses, a quasit and a friendly large abomination.

Vanquished Creatures (collateral kills)
  A small abomination (Abyss:2)
  A starcursed mass (Abyss:2)
2 creatures vanquished.

Vanquished Creatures (others)
  3 starspawn tentacles (Abyss:1)
3 creatures vanquished.

Grand Total: 5 creatures vanquished

Notes
Turn   | Place    | Note
-------+----------+-------------------------------------------
     0 | Abyss:1  | Gargoyl the Centaur Abyssal Knight began the quest for the
                  | Orb.
     0 | Abyss:1  | Reached XP level 1. HP: 19/19 MP: 2/2
    67 | Abyss:1  | Noticed a tentacled starspawn
   102 | Abyss:1  | Noticed an alligator skeleton
   112 | Abyss:1  | Noticed a small abomination
   158 | Abyss:1  | Noticed a large abomination
   172 | Abyss:1  | Noticed a large abomination
   177 | Abyss:1  | Noticed a large abomination
   195 | Abyss:1  | Noticed a small abomination
   208 | Abyss:2  | Found a corrupted altar of Lugonu.
   211 | Abyss:2  | Found a corrupted altar of Lugonu.
   232 | Abyss:2  | Noticed a small abomination
   253 | Abyss:2  | Killed a small abomination
   253 | Abyss:2  | Reached XP level 2. HP: 24/27 MP: 3/3
   254 | Abyss:2  | Noticed a starcursed mass
   263 | Abyss:2  | Killed a starcursed mass
   263 | Abyss:2  | Reached XP level 3. HP: 11/33 MP: 4/4
   269 | Abyss:2  | Killed from afar by a starcursed mass

Skill      XL: |  1 |
---------------+----+-----
Axes           | 2 |  2.1
Fighting       | |  3.9
Armour         | |  1.6
Dodging        | |  0.6
Invocations    | |  2.2

Action                   || total
-------------------------++-------
Melee: Hand axe          ||     1
  Use: Scroll            ||     2
Armor: Scale mail        ||     2
Dodge: Dodged            ||     2
